 Dungeon Crawl Stone Soup version 0.30-a0-620-g0e44632947 (webtiles) character file.

Game seed: 3303233895289041631

28 BaabKaare the Firebug (level 3, -3/24 HPs)
             Began as a Human Fire Elementalist on Jan 10, 2023.
             Slain by a gnoll
             ... wielding a +0 spear
              (5 damage)
             ... on level 3 of the Dungeon.
             The game lasted 00:03:20 (581 turns).

BaabKaare the Firebug (Human Fire Elementalist)      Turns: 581, Time: 00:03:21

Health: -3/24      AC:  2    Str:  8    XL:     3   Next: 30%
Magic:  3/6        EV: 12    Int: 17    God:
Gold:   37         SH:  0    Dex: 13    Spells: 3/6 levels left

rFire   . . .      SeeInvis .    (no weapon)
rCold   . . .      Faith    .    (no shield)
rNeg    . . .      Spirit   .    a - +0 robe
rPois   .          Reflect  .    (no helmet)
rElec   .          Harm     .    (no cloak)
rCorr   .          Rampage  .    (no gloves)
Will    .....                    (no boots)
Stlth   ++                       (no amulet)
HPRegen 0.24/turn                (no ring)
MPRegen 0.10/turn                (no ring)

@: no status effects
A: no striking features
a: no special abilities


You were on level 3 of the Dungeon.
You visited 1 branch of the dungeon, and saw 3 of its levels.

You collected 37 gold pieces.

Inventory:

Armour
 a - a +0 robe (worn)
Scrolls
 c - a scroll of identify {unknown}
 d - a scroll of magic mapping {unknown}
Potions
 b - a potion of magic
 e - a potion of curing {unknown}


   Skills:
 + Level 2.1 Dodging
 + Level 2.1 Stealth
 + Level 2.1 Spellcasting
 + Level 1.1 Conjurations
 + Level 3.8 Fire Magic


You had 3 spell levels left.
You knew the following spells:

 Your Spells              Type           Power      Damage    Failure   Level
a - Foxfire               Conj/Fire      40%        2x1d6     7%          1
b - Scorch                Fire           30%        2d6       6%          2

Your spell library contained the following spells:

 Spells                   Type           Power      Damage    Failure   Level
 Inner Flame              Hex/Fire       8%         N/A       26%         3
 Sublimation of Blood     Necr           1%         N/A       28%         2
 Wereblood                Tmut           1%         N/A       28%         2
 Kindle Blastsparks       Fire/Tloc/Air  12%        2d11      32%         3
 Flame Wave               Conj/Fire      10%        2d6       56%         4
 Summon Hydra             Summ           0%         N/A       100%        7


Dungeon Overview and Level Annotations

Branches:
Dungeon (3/15)

Altars:
Sif Muna
Yredelemnul
The Shining One


Message History

The gnoll's fire resistance burns away.
The gnoll shouts!
Casting: Scorch (safe; 7% risk of failure)
Confirm with . or Enter, or press ? or * to list all spells.
You conjure some foxfire!
The foxfire hits the gnoll!
The gnoll is burned terribly!
You kill the gnoll!
A gnoll comes into view. It is wielding a +0 spear.
You have reached level 3!
Your experience leads to an increase in your attributes!
Increase (S)trength, (I)ntelligence, or (D)exterity?
You feel clever. x2
The foxfire hits the gnoll.
The gnoll is lightly wounded.
The gnoll closely misses you. The gnoll closely misses you.
A rat comes into view.
Casting: Foxfire (safe; 7% risk of failure)
Confirm with . or Enter, or press ? or * to list all spells.
Flames lash the gnoll.
The gnoll is severely wounded.
The gnoll's fire resistance burns away.
Casting: Scorch (safe; 6% risk of failure)
Confirm with . or Enter, or press ? or * to list all spells.
You don't have enough magic to cast this spell.
The gnoll is no longer more vulnerable to fire.
You see here a +0 hand axe.
The gnoll hits you from afar with a +0 spear.
The gnoll hits you from afar with a +0 spear.
You see here a +0 hand axe.
Casting: Scorch (safe; 6% risk of failure)
Confirm with . or Enter, or press ? or * to list all spells.
You conjure some foxfire!
The gnoll closely misses you.
The foxfire hits the gnoll but does no damage.
The foxfire hits the gnoll.
The gnoll is moderately wounded.
The gnoll hits you from afar with a +0 spear! x2
* * * LOW HITPOINT WARNING * * *
The gnoll hits you from afar with a +0 spear.
You die...

#.......... ......
#........####.#.##...
#......rg..........
#....#.####.#.#####
####....#.##<#.#.#
........#.##.#.#.# #
#####...#....r...#########.#
#........#gg...........##
.#.#.....@...............#
............§.........)..##
#.#.#.......§.............#
#.#.#.##......#..#P####P.##
# # #......#.##.##_._ ###
#.#.#..#.##.#.....
#.#.#..#.##.#..P⌠. #.#..#.#
##. #.####.#


You could see 2 gnolls and a rat.

Vanquished Creatures
  A gnoll (D:3)
  A dart slug (D:2)
  An orc (D:3)
  A giant cockroach (D:1)
  2 hobgoblins
  A kobold (D:1)
  2 quokkas
  A bat (D:1)
  A frilled lizard (D:1)
  3 goblins (D:1)
  A rat (D:1)
15 creatures vanquished.

Vanquished Creatures (others)
  26 foxfires
  A plant (D:3)
27 creatures vanquished.

Grand Total: 42 creatures vanquished

Notes
Turn   | Place    | Note
-------+----------+-------------------------------------------
     0 | D:1      | BaabKaare the Human Fire Elementalist began the quest for
                  | the Orb.
     0 | D:1      | Reached XP level 1. HP: 13/13 MP: 3/3
   161 | D:1      | Reached XP level 2. HP: 19/19 MP: 3/5
   167 | D:1      | Learned a level 2 spell: Scorch
   387 | D:2      | Found a shimmering blue altar of Sif Muna.
   391 | D:2      | Found a faded altar of an unknown god.
   504 | D:3      | Found a glowing golden altar of the Shining One.
   504 | D:3      | Found a basalt altar of Yredelemnul.
   538 | D:3      | Reached XP level 3. HP: 24/24 MP: 2/6
   581 | D:3      | Slain by a gnoll

Illustrated notes

Levels and vault maps discovered:
D:1:      dpeg_arrival_lava_temple_mockup, layout_rooms
D:2:      kb_forest_paths, layout_basic, ebering_ecumenical_altar_abandoned,
          basic_altar, minmay_misc_feat_doors
D:3:      layout_basic, gammafunk_temple_overflow_forgotten, st_stairs_6,
          uniq_grinder, uniq_terence

Action                   || total
-------------------------++-------
Melee: Unarmed           ||     1
 Cast: Foxfire           ||    14
       Scorch            ||     9
Dodge: Dodged            ||    10

Table legend: (Time is in decaauts)
 A = Elapsed time spent in this place.
 B = Non-inter-level travel time spent in this place.
 C = Inter-level travel time spent in this place.
 D = Time resting spent in this place.
 E = Time spent auto-exploring this place.
 F = Levels seen in this place.
 G = Mean time per level.
                   A        B        C        D        E       F      G
               +--------+--------+--------+--------+--------+-----+--------+
         Total |    580 |    580 |      0 |    302 |      0 |   3 |  193.3 |
       Dungeon |    580 |    580 |      0 |    302 |      0 |   3 |  193.3 |
               +--------+--------+--------+--------+--------+-----+--------+

Top non-repeatable levels by time:
     D:1: 382 daAuts
     D:2: 116 daAuts
     D:3: 81 daAuts
